 Dungeon Crawl Stone Soup version 0.25-a0-589-g1e14c549ee (webtiles) character file.

Game seed: 9198855688523531687, levelgen mode: deterministic

363318 Lentor the Hoplite (level 21, -7/346 HPs)
             Began as a Minotaur Fighter on Mar 10, 2020.
             Was the Champion of Qazlal.
             Mangled by a Hell Sentinel (22 damage)
             ... summoned by a deep elf demonologist
             ... on level 5 of the Vaults.
             The game lasted 03:00:17 (45336 turns).

Lentor the Hoplite (Minotaur Fighter)              Turns: 45336, Time: 03:00:17

Health: -7/346     AC: 33    Str: 42    XL:     21   Next: 53%
Magic:  19/31      EV:  2    Int:  4    God:    Qazlal [******]
Gold:   998        SH: 32    Dex:  9    Spells: 20/20 levels left

rFire    + + .     SeeInvis .   L - +2 eveningstar "Qukio" {freeze, +Fly rPois}
rCold    + . .     Gourm    .   z - +5 kite shield {reflect}
rNeg     + + +     Faith    .   (armour currently unavailable)
rPois    +         Spirit   .   (helmet currently unavailable)
rElec    +         Reflect  +   (cloak currently unavailable)
rCorr    +         Harm     .   (gloves currently unavailable)
MR       ++...     Clarity  +   (boots currently unavailable) Stlth +.........NoTele +
                                E - amulet "Zajeseoz" {Acrobat rElec rF+ rN+ Dex-4}
HPRegen  0.67/turn              e - ring "Hiusidaa" {rN+ MP+9 Str+9 Int-2 Slay+2}
MPRegen  0.22/turn              y - ring "Ymatoab" {rElec rPois Str+4}

@: tree-form, resistant, protected from physical damage, repel missiles
A: (retaliatory headbutt), agile 1, clarity, magic resistance 1, robust 1
}: 2/15 runes: decaying, serpentine
a: Upheaval, Elemental Force, Disaster Area, Renounce Religion


You were on level 5 of the Vaults.
You worshipped Qazlal.
Qazlal was exalted by your worship.
You were not hungry.
You were a tree.
You visited 7 branches of the dungeon, and saw 37 of its levels.
You also visited: Trove and Gauntlet.

You collected 4994 gold pieces.
You spent 3996 gold pieces at shops.

Inventory:

Hand Weapons
 G - the +6 demon whip of Ivom {drain, +Blink +Fly}
   (You bought it in a shop on level 10 of the Dungeon)

   A truly terrible weapon, it drains the life of those it strikes.
   It lets you fly.
   It lets you blink.
 L - the +2 eveningstar "Qukio" (weapon) {freeze, +Fly rPois}
   (You found it in a treasure trove)

   It has been specially enchanted to freeze those struck by it, causing extra
   injury to most foes and up to half again as much damage against particularly
   susceptible opponents.
   It can also slow down cold-blooded creatures.
   It protects you from poison.
   It lets you fly.
Missiles
 d - 30 javelins (quivered)
 t - 18 silver javelins
Armour
 u - a +2 hat of intelligence (melded)
 z - a +5 kite shield of reflection (worn)
 F - the +3 ring mail of Wamoqah {rN+ Str+3}
   (You found it on level 10 of the Dungeon)

   It affects your strength (+3).
   It protects you from negative energy.
 H - the +1 pair of gloves of Instinct {rPois rN++ rCorr Dex-2}
   (You bought it in a shop on level 1 of the Orcish Mines)

   It affects your dexterity (-2).
   It protects you from poison.
   It greatly protects you from negative energy.
   It provides partial protection from all sources of acid and corrosion.
 J - the +4 scale mail of Ihus (melded) {+Blink MR+ Dex+2}
   (You found it on level 15 of the Dungeon)

   It affects your dexterity (+2).
   It affects your resistance to hostile enchantments.
   It lets you blink.
 Q - the +0 pair of gloves of a bailey (melded) {*Drain +Blink SInv}
   (Okawaru gifted it to you on level 2 of the Lair of Beasts)

   It lets you see invisible.
   It lets you blink.
   It causes draining when unequipped.
 T - a +2 pair of boots of running (melded)
 Y - a +2 cloak of poison resistance (melded)
Jewellery
 e - the ring "Hiusidaa" (left branch) {rN+ MP+9 Str+9 Int-2 Slay+2}
   (You acquired it on level 1 of the Orcish Mines)

   [ring of positive energy]

   It affects your strength (+9).
   It affects your intelligence (-2).
   It affects your accuracy and damage with ranged weapons and melee attacks
   (+2).
   It protects you from negative energy.
   It affects your magic capacity (+9).
 m - an uncursed amulet of guardian spirit
 o - an uncursed ring of teleportation
 y - the ring "Ymatoab" (right branch) {rElec rPois Str+4}
   (You bought it in a shop on level 10 of the Dungeon)

   [ring of poison resistance]

   It affects your strength (+4).
   It insulates you from electricity.
   It protects you from poison.
 E - the amulet "Zajeseoz" (around neck) {Acrobat rElec rF+ rN+ Dex-4}
   (You found it in a treasure trove)

   [amulet of the acrobat]

   It helps you evade while moving and waiting.
   It affects your dexterity (-4).
   It protects you from fire.
   It insulates you from electricity.
   It protects you from negative energy.
 U - a ring of the Octopus King {AC+1 EV+1 Str+1 Int+1 Dex+1 SInv}
   (You found it in a Gauntlet)

   [ring of see invisible]

   It affects your AC (+1).
   It affects your evasion (+1).
   It affects your strength (+1).
   It affects your intelligence (+1).
   It affects your dexterity (+1).
   It lets you see invisible.
Wands
 c - a wand of scattershot (11)
 q - a wand of enslavement (4)
 x - a wand of paralysis (31)
 A - a wand of polymorph (5)
 D - a wand of clouds (6)
 V - a wand of iceblast (12)
 W - a wand of flame (40)
Scrolls
 b - a scroll of holy word
 g - 3 scrolls of fear
 j - 13 scrolls of amnesia
 l - 15 scrolls of remove curse
 r - 12 scrolls of teleportation
 v - 6 scrolls of fog
 C - 5 scrolls of enchant weapon
 I - 2 scrolls of enchant armour
 K - 6 scrolls of identify
 M - 11 scrolls of blinking
 R - a scroll of magic mapping
 Z - 2 scrolls of brand weapon
Potions
 a - 4 potions of might
 h - 6 potions of stabbing
 i - 6 potions of lignification
 k - 6 potions of brilliance
 n - 14 potions of curing
 p - 7 potions of haste
 s - 6 potions of mutation
 w - 2 potions of cancellation
 B - a potion of berserk rage
 N - a potion of ambrosia
 P - 2 potions of resistance
 S - 6 potions of flight
Comestibles
 f - 41 rations


   Skills:
 + Level 22.8 Fighting
 - Level 16.0 Maces & Flails
 + Level 10.2 Throwing
 + Level 13.3 Armour
 + Level 15.9 Dodging
 - Level 25.0 Shields
 + Level 3.9 Invocations
 + Level 0.2 Evocations


You had 20 spell levels left.
You didn't know any spells.
Your spell library contained the following spells:

 Spells                   Type           Power        Failure   Level  Hunger
 Animate Skeleton         Necr           N/A          50%         1    ##.....
 Apportation              Tloc           #.....       50%         1    ##.....
 Beastly Appendage        Tmut           #.....       50%         1    ##.....
 Corona                   Hex            #......      50%         1    ##.....
 Foxfire                  Conj/Fire      #...         50%         1    ##.....
 Sandblast                Erth           #.....       50%         1    ##.....
 Shock                    Conj/Air       #...         50%         1    ##.....
 Summon Butterflies       Summ           #.......     50%         1    ##.....
 Summon Small Mammal      Summ           #...         50%         1    ##.....
 Passwall                 Tmut/Erth      #.......     65%         2    ###....
 Poisonous Vapours        Pois/Air       #.....       65%         2    ###....
 Sticks to Snakes         Tmut           #.......     65%         2    ###....
 Swiftness                Chrm/Air       #.......     65%         2    ###....
 Call Canine Familiar     Summ           #.......     86%         3    ####...
 Confusing Touch          Hex            #.......     86%         3    ####...
 Conjure Flame            Conj/Fire      #.......     86%         3    ####...
 Gell's Gravitas          Tloc           #.........   86%         3    ####...
 Lesser Beckoning         Tloc           #.........   86%         3    ####...
 Mephitic Cloud           Conj/Pois/Air  #.......     86%         3    ####...
 Spectral Weapon          Hex/Chrm       #.......     86%         3    ####...
 Spider Form              Tmut/Pois      #.........   86%         3    ####...
 Static Discharge         Conj/Air       #.......     86%         3    ####...
 Stone Arrow              Conj/Erth      #.....       86%         3    ####...
 Tukima's Dance           Hex            #.......     86%         3    ####...
 Airstrike                Air            #.........   99%         4    #####..
 Ice Form                 Ice/Tmut       #.......     99%         4    #####..
 Leda's Liquefaction      Hex/Erth       #.........   99%         4    #####..
 Petrify                  Tmut/Erth      #.......     99%         4    #####..
 Summon Ice Beast         Ice/Summ       #.......     99%         4    #####..
 Alistair's Intoxication  Tmut/Pois      #.......     100%        5    ######.
 Blade Hands              Tmut           #.........   100%        5    ######.
 Bolt of Magma            Conj/Fire/Erth #.........   100%        5    ######.
 Irradiate                Conj/Tmut      #.........   100%        5    ######.
 Lee's Rapid Deconstruct  Erth           #.........   100%        5    ######.
 Lightning Bolt           Conj/Air       #.........   100%        5    ######.
 Metabolic Englaciation   Hex/Ice        #.........   100%        5    ######.
 Summon Mana Viper        Hex/Summ       #.......     100%        5    ######.
 Yara's Violent Unravell  Hex/Tmut       #.........   100%        5    ######.
 Freezing Cloud           Conj/Ice/Air   #.........   100%        6    #######
 Hydra Form               Tmut           #.........   100%        6    #######
 Invisibility             Hex            #.......     100%        6    #######
 Iron Shot                Conj/Erth      #.........   100%        6    #######
 Starburst                Conj/Fire      #.........   100%        6    #######
 Statue Form              Tmut/Erth      #........    100%        6    #######
 Dragon Form              Tmut           #.........   100%        7    #######
 Ring of Flames           Chrm/Fire      #.........   100%        7    #######
 Summon Hydra             Summ           #.........   100%        7    #######
 Shatter                  Erth           #.........   100%        9    #######


Dungeon Overview and Level Annotations

Branches:
Dungeon (15/15)            Temple (1/1) D:7            Lair (6/6) D:8
  Swamp (4/4) Lair:4        Snake (4/4) Lair:3        Slime (0/5) Lair:6
    Orc (2/2) D:9             Elf (0/3) Orc:2        Vaults (5/5) D:13
  Crypt (0/3) Vaults:3     Depths (0/5) D:15        Gauntlet (visited)

Altars:
Ashenzari
Cheibriados
Dithmenos
Elyvilon
Fedhas
Gozag
Hepliaklqana
Kikubaaqudgha
Makhleb
Nemelex Xobeh
Okawaru
Qazlal
Ru
Sif Muna
Trog
Uskayaw
Vehumet
Wu Jian
Xom
Yredelemnul
Zin
The Shining One
Beogh
Jiyva

Shops:
D:7 *   D:10 *=(:!   D:11 (   D:14 !   Orc:1 :*[*:   Orc:2 ?([[(   Vaults:1 ?
Vaults:2 *   Vaults:3 :   Vaults:4 ([:


Innate Abilities, Weirdness & Mutations

((You reflexively headbutt those who attack you in melee.))
((You have a pair of horns on your head.))
You are agile. (Dex +2)
You possess an exceptional clarity of mind.
You are resistant to hostile enchantments. (MR+)
You are robust. (+10% HP)


Message History

The orc warrior is engulfed in freezing vapours.
The vault guard hits you but does no damage.
The stone giant hits you but does no damage.
A great orb of eyes comes into view.
The deep elf demonologist is struck by lightning.
The vault warden activates a sealing rune.
The vault guard hits you but does no damage.
You block the soul eater's attack.
You hear a shout! x3; You hear a deafening roar!
You hear a shout! x4
You cannot teleport because you are held in place by your roots.
As you read the scroll of summoning, it crumbles to dust.
Wisps of shadow whirl around you...
You hear a deafening roar!
The yaktaur changes into a dream sheep!
The harpy claws you!
* * * LOW HITPOINT WARNING * * *
You block the harpy's attack.
The yaktaur captain is struck by lightning.
The lich is engulfed in blazing flames.
You block the vault guard's attack. The Hell Sentinel hits you!!
You die... ...#....# .## ..OO....##..# ........#... ..CpO..pX.G

......p3p.#####
....OpYcep1....
....OCpL1y.....
....pcH♣pp.....
....{ppC3u.....
##...pDpoD#####
.....o.o§...
..p#....#....
.. #....#......
. #....##.....
#....# .....


You could see a Hell Sentinel, a shadow dragon, a tentacled monstrosity, 2
ironheart preservers, a brown very ugly thing, an Ice Fiend, 2 stone giants, 2
vault wardens, a lich, 2 yaktaur captains, 8 vault guards, a great orb of eyes,
an ettin, 2 soul eaters, a two-headed ogre, an ogre mage, a deep elf
demonologist, 2 vault sentinels, an ironbrand convoker, a harpy, a hornet shaped
shifter, an orc sorcerer, an orc warrior, 3 ogres, a dream sheep shaped shifter,
an orc priest and a friendly ice dragon.

Vanquished Creatures
  Mennas (Vaults:3)
  Vashnia (Snake:2)
  Saint Roka (Orc:2)
  A bone dragon (Swamp:4)
  Nikola (Snake:2)
  The ghost of Neudybaa the Tortoise, an adept HuFi of the Shining One (Vaults:2)
  A tentacled monstrosity (Vaults:5)
  Jorgrun (D:15)
  A lich (Vaults:5)
  Asterion (Snake:2)
  3 deep elf blademasters
  A titan (D:13)
  A sphinx (Vaults:2)
  A deep elf master archer (D:13)
  2 thorn hunters
  Agnes (D:15)
  Frances (Snake:2)
  Gastronok (Lair:1)
  Kirke (D:12)
  7 nagarajas
  3 tengu reavers (Vaults:4)
  Donald (Swamp:4)
  9 fire giants
  6 frost giants
  Aizul (Snake:4)
  10 vault wardens
  2 orc warlords
  13 ironheart preservers
  A deep elf elementalist (Vaults:3)
  A war gargoyle (Vaults:4)
  An entropy weaver (Gauntlet)
  9 stone giants
  3 minotaurs
  3 very ugly things (Vaults:2)
  A deep elf demonologist (D:13)
  A black draconian (Orc:1)
  3 deep elf annihilators
  A deep elf death mage (Vaults:4)
  3 merfolk javelineers
  A merfolk impaler (Vaults:2)
  Fannar (Lair:2)
  25 vault guards
  2 great orbs of eyes
  6 yaktaur captains
  Josephine (D:13)
  14 hydras
  2 fire dragons
  2 ice dragons
  20 naga warriors
  Erolcha (D:12)
  A rakshasa (Vaults:3)
  2 ghost crabs
  4 death knights
  16 anacondas
  3 shambling mangroves
  12 centaur warriors
  11 alligators
  14 ogre magi
  9 tengu warriors
  44 two-headed ogres
  11 death yaks
  An orc high priest (Orc:2)
  Nergalle (D:12)
  8 shock serpents
  12 spriggans
  19 naga sharpshooters
  7 salamander mystics
  7 deep elf knights
  A shadow wraith (Vaults:3)
  2 flayed ghosts
  A skeletal warrior (D:13)
  2 unseen horrors (D:15)
  A death drake (Swamp:4)
  9 deep trolls
  2 wizards (Vaults:2)
  8 naga ritualists
  3 harpies (Vaults:5)
  4 swamp dragons
  9 deep elf archers
  A necromancer (Vaults:3)
  4 spectral hydras (Swamp:4)
  3 glowing orange brains
  13 ironbrand convokers
  4 lindwurms (Snake:4)
  4 phantasmal warriors
  Pikel (D:8)
  22 orc knights
  4 orc sorcerers
  19 mana vipers
  A wolf spider (Vaults:3)
  13 deep elf magi
  11 salamanders
  An oklob plant (D:15)
  33 ugly things
  A manticore (D:13)
  24 slime creatures
  6 cyclopes
  12 guardian serpents
  A guardian serpent (shapeshifter) (Vaults:2)
  Maurice (D:12)
  7 elephants
  19 naga magi
  A centaur zombie (D:15)
  A torpor snail (Lair:3)
  12 vault sentinels
  39 black mambas
  A black mamba (shapeshifter) (D:15)
  A minotaur zombie (Gauntlet)
  29 spiny frogs
  2 centaur skeletons
  A gargoyle (D:15)
  A spiny frog (shapeshifter) (Vaults:4)
  2 komodo dragons (shapeshifter)
  A yaktaur (shapeshifter) (Vaults:2)
  Maggie (Lair:2)
  10 komodo dragons
  3 swamp worm zombies (Swamp:4)
  A rime drake (Lair:3)
  9 freezing wraiths
  33 yaktaurs
  6 hydra zombies (Swamp:4)
  3 tengu conjurers
  A jumping spider (Gauntlet)
  12 trolls
  5 merfolk
  10 tyrant leeches
  A hornet (shapeshifter) (D:13)
  4 alligator zombies (Swamp:4)
  20 blink frogs
  15 hippogriffs
  27 hornets
  2 spectral swamp dragons (Swamp:4)
  8 bog bodies
  A redback (shapeshifter) (Vaults:4)
  3 shadows
  6 wraiths
  5 wyverns
  Eustachio (D:4)
  A hog (D:12)
  26 yaks
  A human (D:13)
  A basilisk (Lair:4)
  A neqoxec (Vaults:2)
  2 hungry ghosts
  3 fire bats (Lair:5)
  A yaktaur simulacrum (Vaults:3)
  22 vampire mosquitoes
  20 insubstantial wisps
  15 swamp worms
  10 wargs
  13 water moccasins
  2 soldier ants (D:13)
  4 acid dragons
  An acid dragon (shapeshifter) (Vaults:2)
  49 nagas
  Purgy (D:3)
  9 porcupines
  7 swamp drakes
  4 ice beasts
  3 sky beasts
  51 orc warriors
  A black bear (D:11)
  A necrophage (D:9)
  A hornet zombie (D:9)
  A swamp dragon zombie (Swamp:4)
  An eye of draining (D:12)
  A slave (D:8)
  10 phantoms
  42 ogres
  An ogre (shapeshifter) (Vaults:4)
  19 centaurs
  An elf skeleton (Vaults:3)
  10 crocodiles
  A big kobold (D:11)
  Blork the orc (D:4)
  A human zombie (Vaults:3)
  31 bullfrogs
  2 wyvern zombies (D:9)
  5 scorpions
  A troll zombie (Swamp:2)
  9 wights
  3 electric eels
  A howler monkey (D:6)
  5 crimson imps
  3 human simulacra
  A troll skeleton (Swamp:2)
  A lava snake (Lair:5)
  A bullfrog zombie (D:7)
  7 hounds
  2 jellies
  3 bullfrog skeletons
  30 orc priests
  3 iguanas
  43 orc wizards
  Terence (D:2)
  A spectral swamp drake (Swamp:4)
  10 worker ants
  2 hound skeletons
  A hound zombie (D:6)
  A swamp drake zombie (Swamp:4)
  13 adders
  3 shadow imps
  An ooze (D:1)
  2 adder skeletons
  4 worms
  A dart slug (D:5)
  5 leopard geckos
  151 orcs
  8 giant cockroaches
  10 goblins
  8 hobgoblins
  11 jackals
  A quokka (D:10)
  6 bats
  12 frilled lizards
  2 giant cockroach zombies
  10 kobolds
  A leopard gecko skeleton (D:8)
  A leopard gecko zombie (D:8)
  A quokka skeleton (D:9)
  6 rats
  A briar patch (Swamp:2)
  2 plants
1649 creatures vanquished.

Vanquished Creatures (collateral kills)
  An orc wizard (D:15)
  An orc (D:15)
2 creatures vanquished.

Vanquished Creatures (others)
  A deep elf master archer (Vaults:2)
  2 yaktaur captains
  A deep elf archer (Vaults:2)
  6 yaktaurs
  A human (D:12)
  A swamp worm (Swamp:3)
  A slave (D:8)
  A necrophage (D:8)
  A bullfrog (D:8)
  An orc wizard (Orc:2)
  3 orcs
  A briar patch (Swamp:2)
  5 fungi
  43 plants
68 creatures vanquished.

Grand Total: 1719 creatures vanquished

Notes
Turn   | Place    | Note
-------+----------+-------------------------------------------
     0 | D:1      | Lentor the Minotaur Fighter began the quest for the Orb.
     0 | D:1      | Reached XP level 1. HP: 19/19 MP: 0/0
   213 | D:1      | Reached XP level 2. HP: 23/27 MP: 1/1
   602 | D:1      | Reached skill level 4 in Shields
   831 | D:2      | Reached XP level 3. HP: 33/33 MP: 2/2
  1248 | D:2      | Found a shattered altar of Ashenzari.
  1253 | D:2      | Noticed Terence
  1265 | D:2      | Killed Terence
  1265 | D:2      | Reached XP level 4. HP: 15/40 MP: 0/3
  1770 | D:2      | Found an opulent altar of Gozag.
  1775 | D:2      | Found a white marble altar of Elyvilon.
  1889 | D:2      | Found a sacrificial altar of Ru.
  1943 | D:2      | Found a sparkling altar of Nemelex Xobeh.
  1943 | D:2      | Found a shimmering altar of Xom.
  2323 | D:3      | Reached XP level 5. HP: 46/46 MP: 4/4
  2429 | D:3      | Noticed Purgy
  2440 | D:3      | Killed Purgy
  2440 | D:3      | Reached skill level 5 in Maces & Flails
  2440 | D:3      | Reached skill level 5 in Armour
  2440 | D:3      | Reached skill level 1 in Dodging
  2850 | D:3      | Found a blossoming altar of Fedhas.
  3139 | D:2      | Found an ancient bone altar of Kikubaaqudgha.
  3245 | D:4      | Noticed Eustachio
  3253 | D:4      | Killed Eustachio
  3253 | D:4      | Reached skill level 5 in Shields
  3253 | D:4      | Reached XP level 6. HP: 50/52 MP: 5/5
  3406 | D:4      | Noticed Blork the orc
  3418 | D:4      | Killed Blork the orc
  3687 | D:4      | Found a shimmering blue altar of Sif Muna.
  3762 | D:5      | Entered Level 5 of the Dungeon
  3801 | D:5      | Noticed a sky beast
  3821 | D:5      | Killed a sky beast
  3821 | D:5      | Reached XP level 7. HP: 48/60 MP: 4/6
  4098 | D:5      | Noticed a hungry ghost
  4120 | D:5      | Killed a hungry ghost
  4148 | D:5      | Noticed a +0 dagger
  4149 | D:5      | Found a hide-covered altar of Uskayaw.
  4150 | D:5      | Noticed a +0 hand axe
  4463 | D:5      | Reached skill level 6 in Shields
  4463 | D:5      | Reached XP level 8. HP: 67/67 MP: 7/7
  4910 | D:6      | Found a glowing golden altar of the Shining One.
  4939 | D:6      | Found an iron altar of Okawaru.
  4951 | D:6      | Became a worshipper of Warmaster Okawaru
  5361 | D:6      | Reached skill level 5 in Fighting
  5380 | D:6      | Reached * piety under Okawaru
  5881 | D:7      | Found Focimin's Assorted Antiques.
  5890 | D:7      | Gained mutation: You are robust. (+10% HP) [potion of
                  | mutation]
  5890 | D:7      | Gained mutation: You are resistant to hostile enchantments.
                  | (MR+) [potion of mutation]
  5890 | D:7      | Gained mutation: You possess an exceptional clarity of
                  | mind. [potion of mutation]
  5890 | D:7      | Gained mutation: You are agile. (Dex +2) [potion of
                  | mutation]
  5904 | D:7      | Reached skill level 7 in Shields
  5910 | D:7      | Found a stormy altar of Qazlal.
  6196 | D:7      | Reached XP level 9. HP: 81/81 MP: 8/8
  6203 | D:7      | Reached skill level 10 in Maces & Flails
  6321 | D:7      | Found a staircase to the Ecumenical Temple.
  6405 | Temple   | Entered the Ecumenical Temple
  6708 | D:8      | Noticed Pikel
  6730 | D:8      | Killed Pikel
  6730 | D:8      | Reached ** piety under Okawaru
  6730 | D:8      | Reached skill level 8 in Shields
  6951 | D:8      | Noticed a troll
  6955 | D:8      | Found a staircase to the Lair.
  6969 | D:8      | Killed a troll
  6970 | D:8      | Noticed a komodo dragon
  7021 | D:8      | Killed a komodo dragon
  7752 | D:9      | Reached skill level 9 in Shields
  7769 | D:9      | Reached *** piety under Okawaru
  7833 | D:9      | Reached XP level 10. HP: 73/92 MP: 9/9
  8154 | D:9      | Found a roughly hewn altar of Beogh.
  8154 | D:9      | Found a staircase to the Orcish Mines.
  8296 | D:9      | Reached skill level 5 in Dodging
  8369 | D:9      | Reached skill level 10 in Shields
  8624 | D:10     | Entered Level 10 of the Dungeon
  8682 | D:10     | Reached **** piety under Okawaru
  8694 | D:10     | Found Ylezixih's Book Boutique.
  8735 | D:10     | Found Zoabar's Distillery.
  8757 | D:10     | Found Cottec's Antique Weapon Emporium.
  8878 | D:10     | Got an ichor-stained ring mail
  8889 | D:10     | Identified the +3 ring mail of Wamoqah {rN+ Str+3} (You
                  | found it on level 10 of the Dungeon)
  8899 | D:10     | Bought a steaming demon whip for 540 gold pieces
  8899 | D:10     | Identified the +6 demon whip of Ivom {drain, +Blink +Fly}
                  | (You bought it in a shop on level 10 of the Dungeon)
  8905 | D:10     | Found Eptuonue's Jewellery Shop.
  9068 | D:10     | Received a gift from Okawaru
  9171 | D:10     | Reached skill level 11 in Shields
  9180 | D:10     | Found Zauhun's Assorted Antiques.
  9545 | Lair:1   | Entered Level 1 of the Lair of Beasts
  9567 | Lair:1   | Noticed a spiny frog
  9571 | Lair:1   | Killed a spiny frog
 10103 | Lair:1   | Noticed Gastronok
 10115 | Lair:1   | Killed Gastronok
 10115 | Lair:1   | Reached XP level 11. HP: 62/104 MP: 5/10
 10489 | Lair:2   | Reached ***** piety under Okawaru
 10539 | Lair:2   | Noticed Fannar
 10565 | Lair:2   | Killed Fannar
 10565 | Lair:2   | Reached skill level 12 in Shields
 10565 | Lair:2   | Reached skill level 1 in Invocations
 10965 | Lair:2   | Reached skill level 10 in Fighting
 11211 | Lair:2   | Noticed Maggie
 11218 | Lair:2   | Killed Maggie
 11609 | Lair:2   | Reached skill level 13 in Shields
 11618 | Lair:2   | Received a gift from Okawaru
 11619 | Lair:2   | Got a pair of smoking gloves {god gift}
 11625 | Lair:2   | Identified the +0 pair of gloves of a bailey {*Drain +Blink
                  | SInv} (Okawaru gifted it to you on level 2 of the Lair of
                  | Beasts)
 11877 | Lair:3   | Found a bloodstained altar of Trog.
 12041 | Lair:3   | Noticed a seven-headed hydra
 12046 | Lair:3   | Killed a seven-headed hydra
 12046 | Lair:3   | Reached XP level 12. HP: 110/118 MP: 8/11
 12065 | Lair:3   | Noticed a death yak
 12068 | Lair:3   | Noticed a death yak
 12072 | Lair:3   | Killed a death yak
 12082 | Lair:3   | Killed a death yak
 12278 | Lair:3   | Reached skill level 14 in Shields
 12299 | Lair:3   | Found a staircase to the Snake Pit.
 12731 | Lair:4   | Found a staircase to the Swamp.
 12731 | Lair:4   | Noticed a four-headed hydra
 12738 | Lair:4   | Killed a four-headed hydra
 12790 | Lair:4   | Found a gate leading to a gauntlet.
 12802 | Gauntlet | Entered a Gauntlet
 12802 | Gauntlet | Found a transporter.
 12802 | Gauntlet | Found a transporter.
 12805 | Gauntlet | Found a transporter.
 12805 | Gauntlet | Found a transporter.
 12809 | Gauntlet | Found a transporter.
 12809 | Gauntlet | Found a transporter.
 12855 | Gauntlet | Identified a +1 pair of boots of running (You found it in a
                  | Gauntlet)
 12864 | Gauntlet | Noticed a queen ant
 12869 | Gauntlet | Found a transporter.
 12870 | Gauntlet | Found the +8 storm bow {elec, penet}
 12873 | Gauntlet | Found a transporter.
 12873 | Gauntlet | Found a transporter.
 12874 | Gauntlet | Found a transporter.
 12892 | Gauntlet | Reached ****** piety under Okawaru
 12902 | Gauntlet | Noticed a reaper
 12905 | Gauntlet | Identified the Handbook of Confrontation and Bewitchment
 12911 | Gauntlet | Noticed an entropy weaver
 12913 | Gauntlet | Found the ring of the Octopus King
 12913 | Gauntlet | Found a runed translucent door.
 12915 | Gauntlet | Found a runed translucent door.
 12917 | Gauntlet | Found a transporter.
 12920 | Gauntlet | Found a transporter.
 12938 | Gauntlet | Killed an entropy weaver
 12938 | Gauntlet | Received a gift from Okawaru
 12947 | Gauntlet | Got a ring of the Octopus King
 12972 | Gauntlet | Noticed a minotaur
 12974 | Gauntlet | Identified a ring of the Octopus King {AC+1 EV+1 Str+1
                  | Int+1 Dex+1 SInv} (You found it in a Gauntlet)
 12982 | Gauntlet | Killed a minotaur
 12982 | Gauntlet | Reached skill level 15 in Shields
 13197 | Lair:4   | Noticed a six-headed hydra
 13208 | Lair:4   | Killed a six-headed hydra
 13273 | Lair:4   | Received a gift from Okawaru
 13829 | Lair:5   | Noticed a death yak
 13838 | Lair:5   | Noticed a death yak
 13841 | Lair:5   | Noticed a death yak
 13841 | Lair:5   | Noticed a death yak
 13844 | Lair:5   | Killed a death yak
 13844 | Lair:5   | Reached XP level 13. HP: 128/130 MP: 13/13
 14119 | Lair:5   | You fall into a shaft and drop 1 floor!
 14119 | Lair:6   | Entered Level 6 of the Lair of Beasts
 14681 | Lair:5   | Reached skill level 10 in Armour
 14936 | Lair:6   | Identified 2 scrolls of acquirement
 14936 | Lair:6   | Identified the +1 hat "Eghowan" {rF+ Stlth+} (You acquired
                  | it on level 6 of the Lair of Beasts)
 14940 | Lair:6   | Identified the ring "Ekyraho" {+Fly Str+4} (You acquired it
                  | on level 6 of the Lair of Beasts)
 15018 | Lair:6   | Received a gift from Okawaru
 15025 | Lair:6   | Got a shimmering morningstar {god gift}
 15041 | Lair:6   | Reached skill level 1 in Throwing
 15072 | Lair:6   | Reached skill level 10 in Dodging
 15095 | Lair:6   | Found a staircase to the Slime Pits.
 15095 | Lair:6   | Found a viscous altar of Jiyva.
 15107 | Lair:6   | Identified the +6 morningstar of Untruth {drain, *Noise
                  | *Drain rElec Dex+7} (Okawaru gifted it to you on level 6 of
                  | the Lair of Beasts)
 15295 | Lair:6   | Received a gift from Okawaru
 15295 | Lair:6   | Reached skill level 15 in Fighting
 15384 | Lair:6   | Reached XP level 14. HP: 141/148 MP: 13/15
 15422 | Lair:6   | Received a gift from Okawaru
 16021 | D:10     | Bought the ring "Ymatoab" {rElec rPois Str+4} for 678 gold
                  | pieces
 16145 | D:7      | Fell from the grace of Okawaru
 16145 | D:7      | Became a worshipper of Qazlal Stormbringer
 16254 | Orc:1    | Entered Level 1 of the Orcish Mines
 16254 | Orc:1    | Found Heuq's General Store.
 16831 | D:9      | Noticed a fire giant
 16838 | D:9      | Killed a fire giant
 16885 | D:9      | Noticed a fire giant
 16891 | D:9      | Killed a fire giant
 17160 | Orc:1    | Found Ysu Filipris's Book Shoppe.
 17162 | Orc:1    | Found Jijoet's Antique Armour Shop.
 17208 | Orc:1    | Reached * piety under Qazlal
 17243 | Orc:1    | Bought a scroll of acquirement for 728 gold pieces
 17243 | Orc:1    | Identified the ring "Hiusidaa" {rN+ MP+9 Str+9 Int-2
                  | Slay+2} (You acquired it on level 1 of the Orcish Mines)
 17273 | Orc:1    | Found Isiajad's Assorted Antiques.
 17280 | Orc:1    | Bought a pair of warped gloves for 361 gold pieces
 17289 | Orc:1    | Bought a scroll of identify for 28 gold pieces
 17289 | Orc:1    | Identified the +1 pair of gloves of Instinct {rPois rN++
                  | rCorr Dex-2} (You bought it in a shop on level 1 of the
                  | Orcish Mines)
 17297 | Orc:1    | Noticed a stone giant
 17297 | Orc:1    | Noticed a fire giant
 17304 | Orc:1    | Killed a fire giant
 17318 | Orc:1    | Killed a stone giant
 17576 | Orc:1    | Found Werreggu's Book Emporium.
 17669 | Orc:2    | Entered Level 2 of the Orcish Mines
 17868 | Orc:2    | Reached ** piety under Qazlal
 17973 | Orc:2    | Noticed Saint Roka
 18391 | Orc:2    | Killed Saint Roka
 18583 | Orc:2    | Found a staircase to the Elven Halls.
 18696 | Orc:2    | Found a roughly hewn altar of Beogh.
 18703 | Orc:2    | Noticed a frost giant
 18703 | Orc:2    | Noticed a fire giant
 19567 | Orc:2    | Killed a frost giant
 19574 | Orc:2    | Killed a fire giant
 19775 | Orc:2    | Found Haschiyno's Antique Weapon Boutique.
 19776 | Orc:2    | Found a roughly hewn altar of Beogh.
 19777 | Orc:2    | Found Cejien's Antique Armour Shop.
 19946 | Orc:2    | Found a roughly hewn altar of Beogh.
 19960 | Orc:2    | Found Xoneuk's Magic Scroll Boutique.
 20005 | Orc:2    | Found Zutesty's Armour Boutique.
 20037 | Orc:2    | Reached *** piety under Qazlal
 20062 | Orc:2    | Found a roughly hewn altar of Beogh.
 20064 | Orc:2    | Found Micwukke's Antique Weapon Boutique.
 20099 | Orc:2    | Found a roughly hewn altar of Beogh.
 20152 | Orc:2    | Found a roughly hewn altar of Beogh.
 20164 | Orc:2    | Found a roughly hewn altar of Beogh.
 20627 | D:11     | Found Kinuyf's Antique Weapon Emporium.
 20681 | D:11     | Found a portal to a secret trove of treasure.
 20686 | D:11     | Reached **** piety under Qazlal
 20728 | D:11     | Noticed a fire giant
 20728 | D:11     | Noticed a stone giant
 20739 | D:11     | Killed a fire giant
 20749 | D:11     | Killed a stone giant
 20774 | D:11     | Noticed an orc warlord
 20774 | D:11     | Noticed a deep elf blademaster
 20789 | D:11     | Killed a deep elf blademaster
 21000 | D:11     | Killed an orc warlord
 21423 | D:12     | Noticed Nergalle
 21431 | D:12     | Killed Nergalle
 21465 | D:12     | Noticed Kirke
 21679 | D:12     | Killed Kirke
 21734 | D:12     | Noticed a fire giant
 21734 | D:12     | Noticed a frost giant
 21744 | D:12     | Killed a fire giant
 21748 | D:12     | Killed a frost giant
 21932 | D:12     | Noticed Erolcha
 21937 | D:12     | Killed Erolcha
 22006 | D:12     | Noticed Maurice
 22014 | D:12     | Killed Maurice
 23015 | D:13     | Noticed Josephine
 23029 | D:13     | Killed Josephine
 23029 | D:13     | Reached XP level 15. HP: 161/161 MP: 16/16
 23048 | D:13     | Noticed a deep elf blademaster
 23048 | D:13     | Noticed a deep elf master archer
 23058 | D:13     | Killed a deep elf blademaster
 23069 | D:13     | Killed a deep elf master archer
 23134 | D:13     | Reached skill level 16 in Shields
 23172 | D:13     | Reached ***** piety under Qazlal
 23322 | D:13     | Found a gate to the Vaults.
 23395 | D:13     | Noticed a fire giant
 23395 | D:13     | Noticed a frost giant
 23398 | D:13     | Killed a frost giant
 23406 | D:13     | Killed a fire giant
 23467 | D:13     | Noticed a titan
 23472 | D:13     | Killed a titan
 23615 | D:12     | Was forgiven by Okawaru
 23616 | D:12     | Noticed a deep elf blademaster
 23616 | D:12     | Noticed a fire giant
 23631 | D:12     | Killed a deep elf blademaster
 23634 | D:12     | Killed a fire giant
 24880 | D:14     | Found Giedus's Distillery.
 24884 | D:14     | Bought a potion of heal wounds for 70 gold pieces
 24884 | D:14     | Bought a potion of heal wounds for 70 gold pieces
 25236 | D:15     | Entered Level 15 of the Dungeon
 25284 | D:15     | Got a translucent scale mail
 25285 | D:15     | Identified the +4 scale mail of Ihus {+Blink MR+ Dex+2}
                  | (You found it on level 15 of the Dungeon)
 25326 | D:15     | Noticed Jorgrun
 25338 | D:15     | Killed Jorgrun
 25363 | D:15     | Noticed Agnes
 25375 | D:15     | Killed Agnes
 25375 | D:15     | Reached skill level 5 in Throwing
 25446 | D:15     | Found a burning altar of Makhleb.
 25460 | D:15     | Reached skill level 17 in Shields
 25681 | D:15     | Noticed a frost giant
 25686 | D:15     | Killed a frost giant
 25687 | D:15     | Found a staircase to the Depths.
 26156 | Swamp:1  | Entered Level 1 of the Swamp
 26200 | Swamp:1  | Reached ****** piety under Qazlal
 26852 | Swamp:2  | Reached XP level 16. HP: 172/172 MP: 17/17
 26941 | Swamp:2  | Reached skill level 18 in Shields
 27218 | Swamp:2  | Noticed a thorn hunter
 27237 | Swamp:2  | Killed a thorn hunter
 27561 | Swamp:3  | Noticed a thorn hunter
 27579 | Swamp:3  | Killed a thorn hunter
 28240 | Swamp:4  | Entered Level 4 of the Swamp
 28250 | Swamp:4  | Noticed Donald
 28263 | Swamp:4  | Killed Donald
 28383 | Swamp:4  | Reached skill level 19 in Shields
 28901 | Swamp:4  | Noticed a bone dragon
 28918 | Swamp:4  | Killed a bone dragon
 28965 | Swamp:4  | Got a decaying rune of Zot
 29322 | Snake:1  | Entered Level 1 of the Snake Pit
 29498 | Snake:1  | Reached XP level 17. HP: 126/182 MP: 18/18
 30093 | Snake:2  | Noticed Vashnia
 30104 | Snake:2  | Reached skill level 20 in Shields
 30114 | Snake:2  | Killed Vashnia
 30187 | Snake:2  | Noticed Nikola
 30332 | Snake:2  | Killed Nikola
 30522 | Snake:2  | Noticed Asterion
 30540 | Snake:2  | Killed Asterion
 30717 | Snake:2  | Noticed Frances
 30724 | Snake:2  | Killed Frances
 31461 | Snake:3  | Reached skill level 21 in Shields
 31912 | Snake:4  | Entered Level 4 of the Snake Pit
 32148 | Snake:4  | Reached XP level 18. HP: 157/193 MP: 19/19
 33032 | Snake:4  | Noticed Aizul
 33056 | Snake:4  | Killed Aizul
 33207 | Snake:4  | Reached skill level 22 in Shields
 33305 | Snake:4  | Reached skill level 10 in Throwing
 33558 | Snake:4  | Got a serpentine rune of Zot
 33880 | D:10     | Bought a potion of heal wounds for 70 gold pieces
 33880 | D:10     | Bought a potion of heal wounds for 70 gold pieces
 33880 | D:10     | Bought 2 potions of heal wounds for 140 gold pieces
 34071 | D:11     | You paid a toll of 10 potions of heal wounds to enter a
                  | treasure trove
 34072 | Trove    | Entered a treasure trove
 34082 | Trove    | Got a pitted sapphire amulet
 34084 | Trove    | Got a flickering crystal amulet
 34094 | Trove    | Got a steaming garnet amulet
 34103 | Trove    | Got a slimy eveningstar
 34105 | Trove    | Got a polished scale mail
 34109 | Trove    | Identified the cursed +1 robe of Eternal Vigilance {rC-
                  | Int+9} (You found it in a treasure trove)
 34110 | Trove    | Identified the +2 eveningstar "Qukio" {freeze, +Fly rPois}
                  | (You found it in a treasure trove)
 34111 | Trove    | Identified the cursed +1 scale mail of Docylo Toloi {Int+3
                  | Dex+3} (You found it in a treasure trove)
 34112 | Trove    | Identified the amulet "Nutik" {RegenMP MR+} (You found it
                  | in a treasure trove)
 34113 | Trove    | Identified the amulet of Buxta {Faith MR+ MP+9} (You found
                  | it in a treasure trove)
 34114 | Trove    | Identified the amulet "Zajeseoz" {Acrobat rElec rF+ rN+
                  | Dex-4} (You found it in a treasure trove)
 34176 | Vaults:1 | Entered Level 1 of the Vaults
 34230 | Vaults:1 | Lost intelligence.
 37819 | D:7      | Bought a scroll of enchant armour for 247 gold pieces
 37939 | Orc:1    | Bought a scroll of enchant armour for 292 gold pieces
 37999 | Orc:2    | Bought a scroll of enchant armour for 105 gold pieces
 37999 | Orc:2    | Bought a scroll of enchant armour for 105 gold pieces
 38264 | Vaults:1 | Reached XP level 19. HP: 203/203 MP: 20/20
 38856 | Vaults:1 | Found Naamuul's Magic Scroll Emporium.
 38864 | Vaults:1 | Bought a scroll of enchant armour for 75 gold pieces
 38864 | Vaults:1 | Bought a scroll of enchant armour for 75 gold pieces
 39437 | Vaults:2 | Reached skill level 23 in Shields
 39528 | Vaults:2 | Found a runed translucent gate.
 39528 | Vaults:2 | Found a runed translucent gate.
 39528 | Vaults:2 | Found a runed translucent gate.
 39528 | Vaults:2 | Noticed Neudybaa's ghost (adept HuFi)
 39635 | Vaults:2 | Reached skill level 15 in Maces & Flails
 39712 | Vaults:2 | Found Nismeimu's Assorted Antiques.
 40544 | Vaults:2 | Reached XP level 20. HP: 181/214 MP: 21/21
 41356 | Vaults:2 | Found an iron altar of Okawaru.
 41384 | Vaults:2 | Killed Neudybaa's ghost
 41899 | Vaults:3 | Reached skill level 24 in Shields
 42399 | Vaults:3 | Found a staircase to the Crypt.
 42508 | Vaults:3 | Found Welysk's Book Emporium.
 43159 | Vaults:4 | Found Wogrikk's Antique Armour Boutique.
 43186 | Vaults:4 | Reached skill level 15 in Dodging
 43204 | Vaults:4 | Bought a faintly humming ring mail for 342 gold pieces
 43204 | Vaults:4 | Identified the +1 ring mail of Bedax {-Tele Dex+6 Slay+3}
                  | (You bought it in a shop on level 4 of the Vaults)
 43250 | Vaults:4 | Noticed Mennas
 43311 | Vaults:3 | Killed Mennas
 43615 | Vaults:4 | Found Cudam's Antique Weapon Shop.
 43699 | Vaults:4 | Reached XP level 21. HP: 170/226 MP: 22/22
 43999 | Vaults:4 | Reached skill level 25 in Shields
 44416 | Vaults:4 | Found Pepaodgh's Book Boutique.
 45016 | Vaults:5 | Entered Level 5 of the Vaults
 45334 | Vaults:5 | HP: 17/346 [vault warden/+3 antimagic battleaxe (5)]
 45336 | Vaults:5 | Mangled by a Hell Sentinel

Levels and vault maps discovered:
D:1:      lemuel_arrival_lava_pool, layout_basic
D:2:      layout_basic, ashenzari_conservatory_becter,
          nicolae_ru_the_path_less_chosen, nicolae_overflow_hidden_temple,
          first_ration, guppyfry_early_orc_mine, uniq_terence
D:3:      layout_basic, lemuel_doored_altar, uniq_purgy
D:4:      layout_loops_ring, kennysheep_mini, uniq_eustachio, uniq_blork_the_orc
D:5:      layout_basic, dancing_weapons_uskayaw
D:6:      layout_loops_ring, overflow_temple_1_default, okawaru_gym_becter
D:7:      layout_cave_pools, kennysheep_mini_moat,
          minmay_temple_entry_antechambers, serial_shops, shop
D:8:      layout_basic, david_lair_shrubbed, uniq_pikel
D:9:      layout_roguey, david_orc_5
D:10:     layout_small_grid, serial_shops, nicolae_shop_statue_plus,
          nicolae_shop_trees, shop, shop, shop
D:11:     layout_stronghold, serial_shops, shop, nicolae_trove_entry_crossroad
D:12:     layout_loops_ring, uniq_nergalle, uniq_erolcha, uniq_maurice,
          uniq_kirke
D:13:     layout_layer_cave, skrybe_vaults_entry_preservation, grunt_pizzeria,
          uniq_josephine
D:14:     layout_loops_ring, serial_shops, shop
D:15:     grunt_enter_depths_snipers, layout_cave_pools, lemuel_oklob_altar,
          uniq_agnes, uniq_jorgrun
Temple:   jpeg_temple_island
Lair:1:   layout_gridlike, uniq_gastronok
Lair:2:   layout_cave_pods, grunt_megastairs_1, lemuel_fruit_tree, uniq_maggie,
          uniq_fannar
Lair:3:   layout_regular_city, dummy_snake_entry, basic_altar, st_stairs_13,
          serial_bayou_shore_a
Lair:4:   layout_loops_ring, minmay_swamp_entry_reptiles, gauntlet_entry_generic
Lair:5:   layout_gridlike, st_stairs_4, infiniplex_staircase_pool
Lair:6:   minmay_lair_end_frog_pond, layout_long_grid, slime_altar_1
Swamp:1:  layout_basic_swamp, evilmike_swamp_ruin_rubble_1
Swamp:2:  layout_basic_swamp, evilmike_swamp_ruin_house_6,
          cheibrodos_swamp_minitomb
Swamp:3:  layout_basic_swamp, hangedman_swamp_pad, swamp_pool1
Swamp:4:  swamp_pestilence, layout_basic_swamp, uniq_donald
Snake:1:  layout_misc_corridors
Snake:2:  layout_basic, serial_corexii_hall, chequers_hall_statues_wall_a,
          chequers_hall_statues_corner_a, uniq_frances, uniq_nikola,
          uniq_asterion, uniq_vashnia
Snake:3:  layout_misc_corridors
Snake:4:  snake_pit_salamanders_mu, layout_cave_town, uniq_aizul
Orc:1:    layout_caves, serial_shops, nicolae_shop_trees, shop, shop_coins,
          nicolae_shop_crystal, nicolae_shop_crystal
Orc:2:    grunt_orc_community_town_hall, layout_diamond_mine,
          grunt_orc_community_big_house_2, grunt_orc_community_big_house_1,
          grunt_orc_community_house_2, grunt_orc_community_house_2,
          grunt_orc_community_house_1, grunt_orc_community_house_1,
          serial_shops, nicolae_shop_behind_doors, mines2_david
Vaults:1: v_alt_pattern_6, vaults_room_fancy_cross, v_misc_28,
          ontoclasm_vaults_fault, v_misc_8, ontoclasm_vaults_gateway,
          layout_vaults_chaotic_city, serial_shops, shop
Vaults:2: gammafunk_vaults_ghost_fury_of_okawaru, v_rooms_6,
          ontoclasm_vaults_idyll, hangedman_vaults_stagger, v_alt_pattern_1,
          nicolae_vaults_arrows, nicolae_vaults_big_ls, vaults_room_fancy_cross,
          nicolae_vaults_what_the_h, st_lines, v_pattern_1,
          ontoclasm_vaults_ligature, hangedman_vaults_stretched_pinwheel,
          vaults_dpeg_diagonal, layout_vaults_omnibox, serial_shops, shop
Vaults:3: st_lattice, v_alt_pattern_6, blue_anna_dwarven_crypt,
          ontoclasm_vaults_chip, grunt_vaults_focal, vaults_room_semicircle,
          vaults_mumra_minichess, ontoclasm_vaults_pinch,
          nicolae_vaults_stairing_the_circle, hangedman_vaults_pinch,
          layout_vaults_omnigrid, serial_shops, shop
Vaults:4: nicolae_vaults_network_star, ontoclasm_vaults_eye, v_alt_pattern_2,
          v_misc_10, vaults_room_stairs_pillars, vaults_standard_mumra_x,
          v_misc_30, vaults_mumra_lcd, vaults_room_large_hall,
          vaults_mumra_chevron_long, nicolae_vaults_shelves_hall,
          grunt_vaults_hallway_short, layout_vaults_ring, serial_shops,
          nicolae_shop_overgrown_old_shop, shop, nicolae_shop_crystal,
          uniq_mennas
Vaults:5

Skill      XL: |  1  2  3  4  5  6  7  8  9 10 11 12 13 14 15 16 17 18 19 20 21 |
---------------+----------------------------------------------------------------+-----
Armour         | 4 5 6 7 8 9 10 11 12 13 | 13.3
Shields        | 4 5 6 7 9 11 13 15 17 19 21 22 23 24 25 | 25.0
Maces & Flails | 3 4 5 6 8 9 11 12 16 | 16.0
Fighting       | 4 5 6 8 10 12 15 17 18 19 20 21 22 | 22.8
Dodging        | 1 2 3 4 6 7 9 10 12 13 14 15 | 15.9
Invocations    | 1 2 3 |  3.9
Throwing       | 1 3 6 7 9 10 | 10.2
Evocations     | |  0.2

Action                   |  1- 3 |  4- 6 |  7- 9 | 10-12 | 13-15 | 16-18 | 19-21 || total
-------------------------+-------+-------+-------+-------+-------+-------+-------++-------
Melee: Flail             |   106 |    19 |       |       |       |       |       ||   125
       Headbutt          |    13 |    15 |    91 |   143 |   467 |   428 |   351 ||  1508
       Whip              |       |   131 |   440 |   193 |       |       |       ||   764
       Demon whip        |       |       |       |   331 |  1539 |  1169 |       ||  3039
       Eveningstar       |       |       |       |       |       |    80 |  1089 ||  1169
Throw: Dart              |       |       |       |     1 |     5 |       |       ||     6
       Javelin           |       |       |       |       |       |    21 |     8 ||    29
Invok: Heroism           |       |       |       |     3 |       |       |       ||     3
       Finesse           |       |       |       |     1 |       |       |       ||     1
       Elemental Force   |       |       |       |       |       |     1 |       ||     1
       Disaster Area     |       |       |       |       |       |       |     1 ||     1
Evoke: Wand              |       |       |       |       |       |     1 |       ||     1
  Use: Potion            |       |     2 |     3 |     1 |       |     3 |     6 ||    15
       Scroll            |       |    11 |     6 |     3 |    27 |    12 |     5 ||    64
 Stab: Sleeping          |       |       |     1 |       |       |       |       ||     1
  Eat: Chunk             |     1 |     8 |     9 |    19 |    29 |    16 |    18 ||   100
       Ration            |       |       |     2 |       |     3 |     8 |     1 ||    14
Armor: Scale mail        |    49 |    32 |       |       |    15 |   140 |   119 ||   355
       Leather armour    |       |    13 |    48 |    11 |       |       |       ||    72
       Skin              |       |       |     7 |     4 |       |       |    11 ||    22
       Ring mail         |       |       |       |    31 |   132 |       |       ||   163
Dodge: Dodged            |    29 |    39 |    95 |   110 |   357 |   329 |   217 ||  1176
       Deflected         |       |       |       |       |     8 |    44 |    18 ||    70
Block: Kite shield       |    51 |    64 |   175 |   196 |   929 |  1272 |  1076 ||  3763
       Other             |       |       |       |       |     2 |       |       ||     2
       Reflection        |       |       |       |       |       |    60 |    85 ||   145

Table legend:
 A = Non-vault XP
 B = Vault XP
 C = Vault XP percentage of total XP
 D = Non-vault monster count
 E = Vault monster count
 F = Vault count percentage of total count
                 A         B        C        D         E       F
            +---------+---------+-------+---------+---------+-------
      Total |  340721 |  310075 |  47.6 |    1051 |     528 |  33.4
            +---------+---------+-------+---------+---------+-------
        D:1 |      38 |       0 |   0.0 |      22 |       0 |   0.0
        D:2 |      78 |      53 |  40.5 |      29 |       8 |  21.6
        D:3 |      50 |     145 |  74.4 |      11 |       1 |   8.3
        D:4 |      73 |     293 |  80.1 |       5 |       2 |  28.6
        D:5 |     813 |       0 |   0.0 |      25 |       0 |   0.0
        D:6 |     708 |       0 |   0.0 |      15 |       0 |   0.0
        D:7 |     744 |       0 |   0.0 |      16 |       0 |   0.0
        D:8 |     469 |     978 |  67.6 |       8 |       2 |  20.0
        D:9 |    4265 |     840 |  16.5 |      41 |      23 |  35.9
       D:10 |    2448 |       0 |   0.0 |      35 |       0 |   0.0
       D:11 |    4173 |       0 |   0.0 |      37 |       0 |   0.0
       D:12 |    7566 |    4508 |  37.3 |      18 |       5 |  21.7
       D:13 |    6929 |    5550 |  44.5 |      39 |      14 |  26.4
       D:14 |    7166 |       0 |   0.0 |      32 |       0 |   0.0
       D:15 |    7624 |    8847 |  53.7 |      25 |       6 |  19.4
     Lair:1 |    1267 |    2141 |  62.8 |       7 |       1 |  12.5
     Lair:2 |    5065 |    1759 |  25.8 |      20 |       4 |  16.7
     Lair:3 |    6097 |       0 |   0.0 |      17 |       0 |   0.0
     Lair:4 |    4662 |    1132 |  19.5 |      16 |       4 |  20.0
     Lair:5 |   11645 |     397 |   3.3 |      27 |       1 |   3.6
     Lair:6 |    6026 |   13586 |  69.3 |      21 |      52 |  71.2
    Swamp:1 |   17297 |       0 |   0.0 |      61 |       0 |   0.0
    Swamp:2 |   13566 |    1329 |   8.9 |      27 |       7 |  20.6
    Swamp:3 |   15278 |       0 |   0.0 |      31 |       0 |   0.0
    Swamp:4 |    7259 |   19001 |  72.4 |      16 |      45 |  73.8
    Snake:1 |   14370 |       0 |   0.0 |      25 |       0 |   0.0
    Snake:2 |   27466 |   17259 |  38.6 |      50 |       8 |  13.8
    Snake:3 |   24770 |       0 |   0.0 |      52 |       0 |   0.0
    Snake:4 |   15274 |   50566 |  76.8 |      29 |      68 |  70.1
      Orc:1 |    1503 |       0 |   0.0 |      20 |       0 |   0.0
      Orc:2 |    1616 |    9343 |  85.3 |      32 |      68 |  68.0
   Vaults:1 |   41400 |    9181 |  18.2 |      85 |      12 |  12.4
   Vaults:2 |   17144 |   71436 |  80.6 |      39 |      90 |  69.8
   Vaults:3 |   30518 |   35723 |  53.9 |      59 |      46 |  43.8
   Vaults:4 |   32568 |   42638 |  56.7 |      53 |      48 |  47.5
   Vaults:5 |    2786 |    8642 |  75.6 |       6 |       5 |  45.5
   Gauntlet |       0 |    4728 | 100.0 |       0 |       8 | 100.0
            +---------+---------+-------+---------+---------+-------
